 Dungeon Sprint DCSS version 0.29.1-13-g9f3cf754e1 (webtiles) character file.

Game seed: 10221907242780156236

3400000 theswoord the Conqueror (level 18, -15/182 HPs)
             Began as a Mummy Monk on Jan 26, 2023.
             Was the Champion of Makhleb.
             Demolished by a sculptor of flesh
             ... wielding a +9 great sword
              (141 damage)
             ... in the Dungeon (Sprint VIII: "Arena of Blood").
             The game lasted 00:02:06 (34 turns).

theswoord the Conqueror (Mummy Monk)                  Turns: 34, Time: 00:02:06

Health: -15/182    AC:  3    Str: 20    XL:     18   Next: 32%
Magic:  17/30      EV: 27    Int: 11    God:    Makhleb [******]
Gold:   0          SH:  0    Dex: 15    Spells: 17/17 levels left

rFire   x . .      SeeInvis .   d - +∞ Axe of Woe
rCold   + . .      Faith    .   (shield currently unavailable)
rNeg    + + +      Spirit   .   b - +0 robe
rPois   ∞          Reflect  .   (no helmet)
rElec   .          Harm     .   (no cloak)
rCorr   .          Rampage  .   (no gloves)
Will    ++...      NoTele   +   (no boots)
Stlth   ++++++++..              (no amulet)
HPRegen 0.40/turn               (no ring)
MPRegen 0.22/turn               (no ring)

@: no status effects
A: cold resistance 1, negative energy resistance 3, torment resistance 2, heat
vulnerability 1, in touch with death 2, no potions
a: Renounce Religion, Minor Destruction, Lesser Servant of Makhleb, Major
Destruction, Greater Servant of Makhleb


You were in the Dungeon.
You worshipped Makhleb.
Makhleb was exalted by your worship.
You visited 1 branch

Inventory:

Hand Weapons
 a - a +0 hand axe
 d - the +∞ Axe of Woe (weapon)
   (You found it in the Dungeon)
Armour
 b - a +0 robe (worn)
Scrolls
 c - a scroll of blinking


   Skills:
 O Level 27 Fighting
 O Level 27 Axes
 + Level 15.8 Armour
 O Level 27 Dodging
 * Level 23.4 Stealth
 + Level 17.1 Invocations


You had 17 spell levels left.
You didn't know any spells.
Your spell library was empty.

Dungeon Overview and Level Annotations

Branches:
Dungeon (1/1)

Altars:
Makhleb


Innate Abilities, Weirdness & Mutations

You are immune to poison.
Your flesh is cold resistant. (rC+)
You are immune to negative energy. (rN+++)
You are immune to unholy pain and torment.
You are vulnerable to heat. (rF-)
You are strongly in touch with the powers of death.
You do not drink.


Message History

The fiery explosion engulfs you!!! The fire burns you terribly!
The fiery explosion engulfs the large bag of meat!!
You are engulfed in blazing flames.
You hear two shouts!
The large bag of meat is engulfed in blazing flames.
A large bag of meat comes into view. It is wielding a +9 giant spiked club.
You hear a shout! x4
The destroyer gestures at you while chanting.
The destroyer blinks!
You hear a shout!
Your Armour skill gained 4 levels and is now at level 14!
Your Stealth skill gained 6 levels and is now at level 21!
Your Invocations skill gained 4 levels and is now at level 15!
You have reached level 18!
You hear a shout! x3
A bag of meat comes into view. It is wielding a +9 war axe.
You hear a shout! x3
The large bag of meat is engulfed in blazing flames.
A meat berserker comes into view. It is wielding a +9 battleaxe.
You slice the bag of meat!!
You cleave the bag of meat in twain.
You kill the bag of meat!
Makhleb accepts your kill.
You feel better.
You slash the large bag of meat!
Flame seeps out of the large bag of meat.
You dissect the large bag of meat like a pig carcass.
Makhleb accepts your kill.
You feel better.
The large bag of meat explodes!
The fiery explosion engulfs you!! The fire burns you terribly!
The sculptor of flesh appears out of thin air!
A sculptor of flesh comes into view. It is wielding a +9 great sword.
You are engulfed in blazing flames.
You hear a shout! x3
Your Armour skill increases to level 15!
Your Stealth skill gained 2 levels and is now at level 23!
Your Invocations skill gained 2 levels and is now at level 17!
The sculptor of flesh attacks as you move away!
The sculptor of flesh hits you with a +9 great sword!!!!
Ouch! That really hurt!
You die...

..###... ...###...
......###........
....._.O....... .
#.....#...O.. ..O
#_.<._#......
.....#.)§)§#......
#.......)§)§§......
........###z°o.....
...###....@§§###...
.. #....§)§#
#....O..#
.........V..
...o.........
.......O.....#
.......o...##..
.#........#. ..


You could see a destroyer, a sculptor of flesh, 2 large bags of meat, 2 meat
berserkers and 3 bags of meat.

Vanquished Creatures
  7 ogres (D)
  3 two-headed ogres (D)
  13 orcs (D)
23 creatures vanquished.

Notes
Turn   | Place    | Note
-------+----------+-------------------------------------------
     0 | D        | Found the +∞ Axe of Woe
     0 | D        | theswoord the Mummy Monk began the quest for the Orb.
     0 | D        | Reached XP level 1. HP: 18/18 MP: 1/1
     3 | D        | Noticed a bag of meat
     4 | D        | Noticed a bag of meat
     4 | D        | Noticed a bag of meat
     5 | D        | Noticed a meat berserker
     7 | D        | Killed a bag of meat
     7 | D        | Noticed a bag of meat
     8 | D        | Reached skill level 15 in Fighting
     8 | D        | Reached XP level 2. HP: 44/44 MP: 2/2
     8 | D        | Gained mutation: You are in touch with the powers of death.
                  | [Mummy growth]
     8 | D        | Reached XP level 3. HP: 50/50 MP: 3/3
     8 | D        | Reached XP level 4. HP: 57/57 MP: 4/4
     8 | D        | Reached XP level 5. HP: 63/63 MP: 5/5
     8 | D        | Reached XP level 6. HP: 70/70 MP: 6/6
     8 | D        | Reached XP level 7. HP: 76/76 MP: 7/7
     8 | D        | Reached XP level 8. HP: 83/83 MP: 8/8
     8 | D        | Reached XP level 9. HP: 89/89 MP: 9/9
     8 | D        | Reached XP level 10. HP: 97/97 MP: 10/10
     8 | D        | Noticed a bag of meat
     8 | D        | Became a worshipper of Makhleb the Destroyer
     8 | D        | Reached * piety under Makhleb
     8 | D        | Reached ** piety under Makhleb
     8 | D        | Noticed a bag of meat
     8 | D        | Noticed a bag of meat
     9 | D        | Killed a meat berserker
     9 | D        | Killed a bag of meat
     9 | D        | Noticed a meat berserker
     9 | D        | Noticed a meat berserker
     9 | D        | Noticed a bag of meat
    10 | D        | Reached XP level 11. HP: 113/113 MP: 11/11
    10 | D        | Reached XP level 12. HP: 121/121 MP: 12/12
    10 | D        | Gained mutation: You are strongly in touch with the powers
                  | of death. [Mummy growth]
    10 | D        | Reached XP level 13. HP: 127/127 MP: 13/13
    10 | D        | Noticed a bag of meat
    10 | D        | Killed a bag of meat
    10 | D        | Noticed a meat berserker
    10 | D        | Noticed a bag of meat
    11 | D        | Killed a bag of meat
    11 | D        | Reached *** piety under Makhleb
    11 | D        | Killed a bag of meat
    12 | D        | Reached XP level 14. HP: 141/141 MP: 14/14
    12 | D        | Killed a meat berserker
    14 | D        | Killed a bag of meat
    14 | D        | Reached **** piety under Makhleb
    15 | D        | Killed a meat berserker
    15 | D        | Killed a meat berserker
    15 | D        | Killed a bag of meat
    16 | D        | Reached skill level 27 in Fighting
    16 | D        | Reached XP level 15. HP: 159/159 MP: 15/15
    16 | D        | Noticed a meat berserker
    17 | D        | Reached XP level 16. HP: 167/167 MP: 16/16
    18 | D        | Reached ***** piety under Makhleb
    20 | D        | Noticed a meat berserker
    21 | D        | Killed a meat berserker
    22 | D        | Noticed a large bag of meat
    25 | D        | Reached skill level 27 in Axes
    25 | D        | Reached skill level 27 in Dodging
    25 | D        | Noticed a large bag of meat
    25 | D        | Noticed a large bag of meat
    26 | D        | Killed a meat berserker
    27 | D        | Reached XP level 17. HP: 145/174 MP: 16/23
    27 | D        | Noticed a destroyer
    27 | D        | Noticed a meat berserker
    28 | D        | Killed a large bag of meat
    29 | D        | Reached skill level 10 in Armour
    29 | D        | Reached skill level 15 in Stealth
    29 | D        | Noticed a large bag of meat
    30 | D        | Noticed a meat berserker
    31 | D        | Killed a meat berserker
    31 | D        | Killed a large bag of meat
    31 | D        | Noticed a large bag of meat
    32 | D        | Reached skill level 15 in Invocations
    32 | D        | Reached XP level 18. HP: 123/182 MP: 17/29
    32 | D        | Noticed a meat berserker
    33 | D        | Reached ****** piety under Makhleb
    33 | D        | Killed a large bag of meat
    34 | D        | Reached skill level 15 in Armour
    34 | D        | Noticed a sculptor of flesh
    34 | D        | Demolished by a sculptor of flesh

Skill      XL: |  1  2  3  4  5  6  7  8  9 10 11 12 13 14 15 16 17 18 |
---------------+-------------------------------------------------------+-----
Fighting       | 15 20 22 27 | 27.0
Axes           | 13 17 19 23 24 27 | 27.0
Dodging        | 13 17 19 23 24 27 | 27.0
Armour         | 7 14 15 | 15.8
Stealth        | 12 21 23 | 23.4
Invocations    | 8 15 17 | 17.1

Action                   |  1- 3 |  4- 6 |  7- 9 | 10-12 | 13-15 | 16-18 || total
-------------------------+-------+-------+-------+-------+-------+-------++-------
Melee: Executioner's axe |     1 |       |       |     1 |     6 |     8 ||    16

Levels and vault maps discovered:
D:        meatsprint
